 Dungeon Crawl Stone Soup version 0.28.0-45-g0d030f2227 (webtiles) character file.

Game seed: 14889258845882959295

8065 CryoSword the Arsonist (level 10, -7/81 HPs)
             Began as a Demigod Fire Elementalist on Apr 10, 2022.
             Mangled by a sixfirhy (11 damage)
             ... summoned by a kobold demonologist
             ... on level 11 of the Dungeon.
             The game lasted 00:19:02 (16384 turns).

CryoSword the Arsonist (Demigod Fire Elementalist) Turns: 16384, Time: 00:19:03

Health: -7/81      AC:  6    Str: 13    XL:     10   Next: 76%
Magic:  16/21      EV: 12    Int: 29    God:
Gold:   618        SH:  8    Dex: 14    Spells: 10/18 levels left

rFire   + + .      SeeInvis .   w - staff of conjuration
rCold   x . .      Faith    .   A - +0 kite shield
rNeg    + . .      Spirit   .   a - +0 robe
rPois   .          Reflect  .   i - +0 helmet
rElec   .          Harm     .   k - +0 cloak of Beauty {rF+ rCorr Str+4 Stlth+}
rCorr   +          Rampage  .   (no gloves)
Will    +....                   u - +1 pair of boots {Stlth+}
Stlth   +++++.....              (no amulet)
HPRegen 0.23/turn               f - ring of positive energy
MPRegen 0.17/turn               l - ring of fire

@: no status effects
A: high MP 1, forlorn, divine attributes
a: no special abilities


You were on level 11 of the Dungeon.
You visited 1 branch of the dungeon, and saw 11 of its levels.

You collected 618 gold pieces.

Inventory:

Missiles
 e - 21 poisoned darts
 j - 11 boomerangs
 q - 2 throwing nets
 x - a curare-tipped dart
Armour
 a - a +0 robe (worn)
 i - a +0 helmet (worn)
   (You found it on level 6 of the Dungeon)
 k - the +0 cloak of Beauty (worn) {rF+ rCorr Str+4 Stlth+}
   (You found it on level 4 of the Dungeon)

   Str:       It affects your strength (+4).
   rF:        It protects you from fire.
   rCorr:     It protects you from acid and corrosion.
   Stlth:     It makes you more stealthy.
 u - a +1 pair of boots of stealth (worn)
   (You found it on level 6 of the Dungeon)
 A - a +0 kite shield (worn)
   (You took it off a gnoll sergeant on level 10 of the Dungeon)
Magical Staves
 w - a staff of conjuration (weapon)
   (You found it on level 4 of the Dungeon)
Jewellery
 f - a ring of positive energy (left hand)
   (You found it on level 2 of the Dungeon)
 l - a ring of fire (right hand)
   (You found it on level 7 of the Dungeon)
Wands
 o - a wand of iceblast (6) (quivered)
   (You found it on level 6 of the Dungeon)
Scrolls
 g - 5 scrolls of teleportation {@r4}
 p - 3 scrolls of magic mapping
 r - 2 scrolls of identify {@r1}
 t - 2 scrolls of fear
 y - a scroll of blinking {unknown}
 z - a scroll of brand weapon {unknown}
Potions
 b - 3 potions of attraction {!q}
 c - 3 potions of brilliance
 d - 2 potions of ambrosia
 h - 2 potions of mutation {!q}
 m - a potion of flight
 s - a potion of curing {@q1}
 B - a potion of lignification {unknown}


   Skills:
 + Level 5.2 Fighting
 - Level 4.3 Staves
 - Level 5.3 Dodging
 - Level 4.0 Stealth
 * Level 1.8 Shields
 + Level 4.9 Spellcasting
 * Level 7.5 Conjurations
 * Level 8.1 Fire Magic
 + Level 3.8 Evocations


You had 10 spell levels left.
You knew the following spells:

 Your Spells              Type           Power      Damage    Failure   Level
a - Foxfire               Conj/Fire      100%       2x1d9     1%          1
b - Scorch                Fire           100%       2d10      1%          2
c - Flame Wave            Conj/Fire      87%        2d15      9%          4
A - Apportation           Tloc           14%        N/A       22%         1

Your spell library contained the following spells:

 Spells                   Type           Power      Damage    Failure   Level
 Conjure Flame            Conj/Fire      87%        6-21      2%          3
 Shock                    Conj/Air       100%       1d9       4%          1
 Inner Flame              Hex/Fire       46%        N/A       12%         3
 Animate Skeleton         Necr           14%        N/A       22%         1
 Beastly Appendage        Tmut           14%        N/A       22%         1
 Summon Small Mammal      Summ           28%        N/A       22%         1
 Wereblood                Tmut           7%         N/A       32%         2
 Spider Form              Tmut/Pois      7%         N/A       54%         3
 Swiftness                Air            7%         N/A       54%         3
 Airstrike                Air            3%         N/A       91%         4
 Cause Fear               Hex            3%         N/A       91%         4
 Malign Gateway           Summ/Tloc      3%         N/A       100%        7
 Discord                  Hex            3%         N/A       100%        8
 Summon Horrible Things   Summ           3%         N/A       100%        8


Dungeon Overview and Level Annotations

Branches:
Dungeon (11/15)            Temple (0/1) D:6            Lair (0/6) D:10
    Orc (0/2) D:9

Annotations:
D:9 3 runed translucent doors, Peloso's ghost, novice MiFi


Innate Abilities, Weirdness & Mutations

You have an increased reservoir of magic. (+10% MP)
You shall have no god before yourself.
Your divine heritage dramatically boosts your attributes as you level up.


Message History

Things that are here:
a +0 chain mail; a +0 club
Things that are here:
a +0 mace; an orc corpse
Found a falchion.
Found a long sword.
Found a stone staircase leading down.
Found a rapier.
You see here a +0 flail.
You now have 562 gold pieces (gained 10).
Things that are here:
a +0 whip; a +0 club You now have 575 gold pieces (gained 13).
Found a stone staircase leading up.
Key pressed, stopping explore.
No target in view!
Things that are here:
4 arrows; a +0 shortbow; a centaur skeleton
There is an escape hatch in the ceiling here.
You now have 594 gold pieces (gained 19).
You now have 608 gold pieces (gained 14).
Found an escape hatch in the floor.
You now have 618 gold pieces (gained 10).
B - a viscous ruby potion
Found a rapier.
Found a blossoming altar of Fedhas.
Found a stone staircase leading down.
Done exploring.
Done exploring.
Done exploring.
Done exploring.
There is a stone staircase leading down here.
You climb downwards.
Found a scroll of identify.
There is a stone staircase leading up here.
r - 2 scrolls of identify {@r1} (gained 1)
A vampire mosquito comes into view.
Found 15 stones.
A vampire mosquito is nearby!
A vampire mosquito is nearby!
A vampire mosquito comes into view.
The vampire mosquito buzzes angrily.
You hear an angry buzzing noise.
A vampire mosquito comes into view.
You feel a strong surge of power!
You conjure some foxfire!
The vampire mosquito buzzes angrily.
A vampire mosquito comes into view.
You feel a strong surge of power!
You conjure some foxfire!
The foxfire hits the vampire mosquito.
The foxfire hits the vampire mosquito!
You feel a strong surge of power!
You conjure some foxfire!
The foxfire hits the vampire mosquito. x2
The vampire mosquito completely misses you.
The vampire mosquito misses you.
You feel a strong surge of power!
A wave of flame ripples out!
The flame wave engulfs the vampire mosquito!
You destroy the vampire mosquito!
The flame wave engulfs your foxfire.
Your foxfire completely resists.
The flame wave engulfs your foxfire.
Your foxfire completely resists. (Press . to intensify the flame waves.)
You hear a shout!
The foxfire hits the vampire mosquito. x2; The vampire mosquito misses you.
The vampire mosquito bites you but does no damage.
A wave of flame ripples out!
The flame wave engulfs the vampire mosquito! x3
The vampire mosquito bites you. The vampire mosquito barely misses you.
The vampire mosquito misses you. The vampire mosquito bites you.
You block the vampire mosquito's attack.
The vampire mosquito bites you!
The vampire mosquito draws strength from your injuries!
A wave of flame ripples out!
The flame wave engulfs the vampire mosquito! x2
The flame wave engulfs the vampire mosquito!!
You destroy the vampire mosquito!
You finish channelling waves of flame.
You hear a shout! x6
You block the vampire mosquito's attack.
The vampire mosquito closely misses you.
The vampire mosquito barely misses you.
The vampire mosquito closely misses you.
You feel a strong surge of power!
A wave of flame ripples out!
The flame wave engulfs the vampire mosquito!
You destroy the vampire mosquito!
The flame wave engulfs the vampire mosquito!
You destroy the vampire mosquito! (Press . to intensify the flame waves.)
h - 2 potions of mutation {!q} (gained 1) Key pressed, stopping explore.
Could not explore, unopened door.
Could not explore, unopened door.
You open the door.
Found a dagger.
There is an open door here.
There is an open door here.
A kobold demonologist comes into view. It is wielding a +0 dagger.
A kobold demonologist is nearby!
You feel a strong surge of power!
You conjure some foxfire!
The kobold demonologist shouts!
You hear a shout!
You feel a strong surge of power!
You conjure some foxfire!
The kobold demonologist gestures wildly while chanting.
The foxfire hits the kobold demonologist. x2
You hear a shout! x2
You feel a strong surge of power!
You conjure some foxfire!
A kobold brigand comes into view.
It is wielding a +0 battleaxe and quivering poisoned darts.
A kobold demonologist comes into view. It is wielding a +0 dagger.
The kobold demonologist casts a spell.
The foxfire hits the crimson imp.
The crimson imp completely resists.
The foxfire hits the crimson imp.
The crimson imp completely resists.
The foxfire hits the sixfirhy. x2; The crimson imp blinks!
The sixfirhy completely misses you. x2
The kobold demonologist begins to cast a cantrip, but forgets the words!
The sixfirhy hits you but does no damage.
The sixfirhy hits you. The sixfirhy shocks you!
The sixfirhy closely misses you. The sixfirhy hits you!
The sixfirhy shocks you!
The crimson imp blinks!
You block the sixfirhy's attack. The sixfirhy closely misses you.
The sixfirhy barely misses you. The sixfirhy hits you!
* * * LOW HITPOINT WARNING * * *
The sixfirhy shocks you!
* * * LOW HITPOINT WARNING * * *
Okay, then.
As you read the scroll of fog, it crumbles to dust.
The scroll dissolves into smoke.
The sixfirhy hits you but does no damage.
The sixfirhy closely misses you.
You feel much better. The sixfirhy hits you! The sixfirhy shocks you!
* * * LOW HITPOINT WARNING * * *
You block the sixfirhy's attack. The sixfirhy hits you.
* * * LOW HITPOINT WARNING * * *
The sixfirhy shocks you!
* * * LOW HITPOINT WARNING * * *
The sixfirhy hits you but does no damage.
The ufetubus closely misses you. The ufetubus misses you.
Look: an ufetubus (grey smoke, summoned)
You feel a strong surge of power!
A wave of flame ripples out!
The flame wave engulfs the sixfirhy!
The flame wave engulfs the ufetubus!!
The ufetubus is burned terribly!
You kill the ufetubus!
The ufetubus disappears in a puff of smoke! (Press . to intensify the flame waves.)
The sixfirhy closely misses you. You block the sixfirhy's attack.
The sixfirhy hits you.
* * * LOW HITPOINT WARNING * * *
The sixfirhy shocks you!
* * * LOW HITPOINT WARNING * * *
The sixfirhy hits you but does no damage.
A wave of flame ripples out!
The flame wave engulfs the sixfirhy!
The flame wave engulfs the quasit!
The quasit resists.
The sixfirhy hits you.
* * * LOW HITPOINT WARNING * * *
The sixfirhy shocks you!
You die...

#........# ####.#####..##########
#....... .....#...#...........#
#....... .....#...'...........#
#.......
K....#...#...........#####.......
.....'...#..§....................
.K)..#...#.§§§.§.................
...K.#####.§§§§§.................
####...5.5.§3§5§@.†........<.....
#........§§§3.................
###################...........
#........... ###########.


You could see a sixfirhy (summoned) and a quasit (summoned).

Vanquished Creatures
  Harold (D:7)
  A centaur warrior (D:10)
  Pikel (D:6)
  2 trolls (D:8)
  A wyvern (D:8)
  5 yaks (D:9)
  A human (D:8)
  A steam dragon (D:9)
  4 vampire mosquitoes (D:11)
  Menkaure (D:7)
  A warg (D:8)
  3 water moccasins
  5 orc warriors
  A sky beast (D:3)
  An ogre (D:4)
  A black bear (D:4)
  2 necrophages
  5 centaurs
  4 lemures
  2 phantoms (D:6)
  A kobold brigand (D:9)
  2 bullfrogs (D:6)
  A gnoll sergeant (D:10)
  2 scorpions
  A water moccasin skeleton (D:6)
  5 wights (D:8)
  3 centaur zombies
  A bullfrog skeleton (D:6)
  A hound (D:7)
  5 jellies
  2 centaur skeletons (D:7)
  7 orc priests
  Natasha (thrice) (D:3)
  17 orc wizards
  2 killer bee zombies (D:8)
  8 adders
  3 gnolls (D:10)
  2 white imps
  2 ufetubi (D:5)
  2 adder skeletons
  4 worms
  4 dart slugs
  37 orcs
  6 ball pythons
  12 bats
  6 endoplasms
  2 giant cockroaches (D:3)
  5 goblins
  8 hobgoblins
  9 jackals (D:2)
  4 quokkas
  3 frilled lizards
  14 kobolds
  2 rats
229 creatures vanquished.

Vanquished Creatures (others)
  An orc wizard (D:8)
  829 foxfires
830 creatures vanquished.

Grand Total: 1059 creatures vanquished

Notes
Turn   | Place    | Note
-------+----------+-------------------------------------------
     0 | D:1      | CryoSword the Demigod Fire Elementalist began the quest for
                  | the Orb.
     0 | D:1      | Reached XP level 1. HP: 14/14 MP: 5/5
    12 | D:1      | Reached skill level 1 in Conjurations
   665 | D:1      | Reached XP level 2. HP: 20/20 MP: 0/7
   678 | D:1      | Reached skill level 3 in Fire Magic
  1432 | D:2      | Learned a level 2 spell: Scorch
  1551 | D:2      | Reached XP level 3. HP: 27/27 MP: 8/8
  2670 | D:3      | Reached skill level 1 in Fighting
  2842 | D:3      | Reached XP level 4. HP: 31/35 MP: 4/9
  3000 | D:3      | Noticed a sky beast
  3008 | D:3      | Killed a sky beast
  3009 | D:3      | Reached XP level 5. HP: 40/40 MP: 0/10
  3187 | D:3      | Noticed Natasha
  3192 | D:3      | Killed Natasha
  3493 | D:3      | Noticed Natasha
  3498 | D:3      | Killed Natasha
  3520 | D:3      | Noticed Natasha
  3525 | D:3      | Killed Natasha
  4233 | D:3      | Reached skill level 4 in Fire Magic
  4235 | D:3      | Reached XP level 6. HP: 48/48 MP: 3/12
  4640 | D:4      | Identified the +0 cloak of Beauty {rF+ rCorr Str+4 Stlth+}
  4963 | D:4      | Learned a level 4 spell: Flame Wave
  4965 | D:4      | Learned a level 1 spell: Apportation
  5141 | D:4      | Reached XP level 7. HP: 55/55 MP: 7/14
  5363 | D:5      | Entered Level 5 of the Dungeon
  5767 | D:5      | Reached skill level 1 in Staves
  6866 | D:6      | Found a staircase to the Ecumenical Temple.
  6878 | D:6      | Reached skill level 5 in Fire Magic
  7447 | D:6      | Reached XP level 8. HP: 62/62 MP: 9/15
  8195 | D:7      | Noticed Pikel
  8748 | D:6      | Killed Pikel
  8749 | D:6      | Reached skill level 5 in Conjurations
  8749 | D:6      | Reached skill level 6 in Fire Magic
  8749 | D:6      | Reached skill level 1 in Evocations
  8994 | D:7      | Noticed Harold
  9521 | D:7      | Reached XP level 9. HP: 70/70 MP: 11/18
  9714 | D:7      | Killed Harold
  9748 | D:7      | Noticed Menkaure
 10015 | D:7      | Killed Menkaure
 11762 | D:8      | Reached skill level 7 in Fire Magic
 12344 | D:9      | Found a runed translucent gate.
 12345 | D:9      | Noticed a deep troll
 12346 | D:9      | Found a runed translucent gate.
 12346 | D:9      | Found a runed translucent gate.
 12347 | D:9      | Noticed Peloso's ghost (novice MiFi)
 12627 | D:8      | Reached XP level 10. HP: 19/80 MP: 6/20
 13380 | D:9      | Reached skill level 5 in Dodging
 14706 | D:9      | Found a staircase to the Orcish Mines.
 15272 | D:10     | Entered Level 10 of the Dungeon
 15634 | D:10     | Noticed a centaur warrior
 15634 | D:10     | Found a staircase to the Lair.
 15644 | D:10     | Killed a centaur warrior
 15645 | D:10     | Reached skill level 5 in Fighting
 15645 | D:10     | Reached skill level 1 in Shields
 15647 | D:10     | Reached skill level 8 in Fire Magic
 16364 | D:11     | Noticed a sixfirhy
 16384 | D:11     | HP: 4/81 [sixfirhy[a kobold demonologist] (3)]
 16384 | D:11     | Mangled by a sixfirhy

Illustrated notes

Levels and vault maps discovered:
D:1:      psy_arrival_spokes, layout_rooms
D:2:      layout_loops_cross, minmay_misc_feat_diagonals
D:3:      layout_rooms, zin_treasury, grunt_ministairs_13, uniq_natasha
D:4:      layout_rooms
D:5:      layout_gridville, mainiacjoe_overflow_chevrons
D:6:      layout_basic, cheibrodos_ashenzari_chains,
          minmay_temple_entry_slanted, minivault_1, moated_statue
D:7:      layout_rooms, mainiacjoe_overflow_catwalk, uniq_pikel, uniq_harold,
          uniq_menkaure
D:8:      layout_basic, led_sif_book, corexii_checkpoint_a
D:9:      layout_basic, lemuel_coloured_pillars_altar, erik_orc_4,
          gammafunk_ghost_split
D:10:     layout_big_octagon, mainiacjoe_overflow_concentric_impassable,
          lair_entry_dummy
D:11:     layout_irregular_city

Skill      XL: |  1  2  3  4  5  6  7  8  9 10 |
---------------+-------------------------------+-----
Conjurations   | 1 2 3 4 5 6 7 |  7.5
Fire Magic     | 3 4 5 6 7 8 |  8.1
Stealth        | 2 3 4 |  4.0
Dodging        | 2 3 4 5 |  5.3
Fighting       | 1 2 3 4 5 |  5.2
Spellcasting   | 2 3 4 |  4.9
Staves         | 1 2 3 4 |  4.3
Evocations     | 1 2 3 |  3.8
Shields        | 1 |  1.8

Action                   |  1- 3 |  4- 6 |  7- 9 | 10-12 || total
-------------------------+-------+-------+-------+-------++-------
Melee: Unarmed           |    15 |       |       |       ||    15
       Dagger            |    13 |     6 |       |       ||    19
       Staff             |       |     8 |    35 |     3 ||    46
       Punch             |       |     1 |     2 |       ||     3
 Cast: Foxfire           |   120 |    93 |   204 |    68 ||   485
       Scorch            |    15 |    32 |   117 |    76 ||   240
       Flame Wave        |       |       |       |     7 ||     7
Evoke: Wand              |       |       |     4 |       ||     4
  Use: Scroll            |     2 |     1 |    13 |     1 ||    17
       Potion            |       |       |       |     1 ||     1
 Stab: Sleeping          |     1 |       |       |       ||     1
Armor: Robe              |     7 |     5 |    40 |    29 ||    81
Dodge: Dodged            |    33 |    11 |   101 |    74 ||   219
Block: Kite shield       |       |       |       |     7 ||     7
